 Dungeon Crawl Stone Soup version 0.27.0-1-g7a089689b8 (webtiles) character file.

Game seed: 4497463201693482717

25 PentaManta the Ruffian (level 3, 23/23 HPs)
             Began as a Gargoyle Monk on Aug 17, 2021.
             Got out of the dungeon alive.
             The game lasted 00:01:59 (1093 turns).

PentaManta the Ruffian (Gargoyle Monk)              Turns: 1093, Time: 00:02:00

Health: 23/23      AC:  8    Str: 15    XL:     3   Next: 4%
Magic:  3/3        EV: 11    Int: 10    God:
Gold:   27         SH:  0    Dex: 12    Spells: 2/2 levels left

rFire    . . .     SeeInvis .     - Unarmed
rCold    . . .     Faith    .   (no shield)
rNeg     + . .     Spirit   .   c - +0 ring mail
rPois    ∞         Reflect  .   (no helmet)
rElec    +         Harm     .   (no cloak)
rCorr    .         Rampage  .   (no gloves)
Will     +....                  (no boots)
Stlth    +.........             (no amulet)
HPRegen  0.07/turn              d - ring of willpower
MPRegen  0.08/turn              (no ring)

@: no status effects
A: sickness immunity, AC +3, negative energy resistance 1, electricity
resistance, torment resistance 1, petrification resistance
a: no special abilities


You escaped.
You visited 1 branch of the dungeon, and saw 1 of its levels.

You collected 27 gold pieces.

Inventory:

Armour
 a - a +0 robe
 c - a +0 ring mail (worn)
Jewellery
 d - a ring of willpower (left hand)
Scrolls
 e - a scroll of enchant weapon {unknown}
Potions
 b - a potion of might {unknown}


   Skills:
 - Level 3.2 Fighting
 - Level 2.4 Dodging
 - Level 2.1 Stealth
 + Level 4.1 Unarmed Combat


You had 2 spell levels left.
You didn't know any spells.
Your spell library was empty.

Dungeon Overview and Level Annotations

Branches:
Dungeon (1/15)

Altars:


Innate Abilities, Weirdness & Mutations

You are immune to sickness and miasma.
Your stone body is resilient. (AC +3)
You are immune to poison.
You resist negative energy. (rN+)
You are resistant to electric shocks. (rElec)
You are resistant to unholy torment.
You are immune to petrification.


Message History

You can't go up here!
No reachable target in view!
No reachable target in view!
No reachable target in view!
No reachable target in view!
The bat misses you. The bat misses you. The bat barely misses you. x2
The bat hits you but does no damage.
You hit the bat but do no damage. The bat hits you.
The bat hits you but does no damage.
No target in view!
No target in view!
No target in view!
No target in view!
The bat closely misses you.
A bat is nearby!
You can't go up here!
The bat hits you but does no damage.
You barely miss the bat. The bat closely misses you.
The bat hits you but does no damage.
You closely miss the bat. The bat barely misses you. x2
The bat barely misses you. The bat hits you but does no damage.
The bat barely misses you. The bat misses you. The bat closely misses you.
You miss the bat. The bat hits you but does no damage.
You hit the bat. Your punch misses the bat.
The bat is moderately wounded.
The bat hits you but does no damage.
You hit the bat but do no damage.
The bat is moderately wounded.
The bat closely misses you. The bat barely misses you.
You hit the bat.
You kill the bat!
No target in view!
No target in view!
There is a staircase leading out of the dungeon here.
Are you sure you want to leave the Dungeon?
This will make you lose the game!
You have escaped!

#........####.....
##..####....##.##.#
#.. ##....#.##.# ##..
##....##.... ##...
##......##...
##...#####.......##...
#.....##....##....#...
#........#####....P♣
#..@......# #....PP
##..........#.......
#...###.........#...
##..# ##.......##...
#.## ###..#####... #..
#.#.# .... ... .....#
.... .##. ## .♣.♣ .


There were no monsters in sight!

Vanquished Creatures
  5 bats (D:1)
  2 endoplasms (D:1)
  A hobgoblin (D:1)
  5 jackals (D:1)
  3 quokkas (D:1)
  5 frilled lizards (D:1)
  2 kobolds (D:1)
23 creatures vanquished.

Vanquished Creatures (others)
  8 plants (D:1)
8 creatures vanquished.

Grand Total: 31 creatures vanquished

Notes
Turn   | Place    | Note
-------+----------+-------------------------------------------
     0 | D:1      | PentaManta the Gargoyle Monk began the quest for the Orb.
     0 | D:1      | Reached XP level 1. HP: 14/14 MP: 1/1
   261 | D:1      | Reached XP level 2. HP: 19/19 MP: 2/2
   852 | D:1      | Reached skill level 4 in Unarmed Combat
  1035 | D:1      | Reached XP level 3. HP: 23/23 MP: 3/3
  1093 | D:$      | Got out of the dungeon alive.

Illustrated notes

Levels and vault maps discovered:
D:1:      dpeg_arrival_arbitrary_b, layout_loops_cross, serial_forest,
          infiniplex_forest_clump_tiny, infiniplex_forest_corner_2,
          infiniplex_forest_lined_room_3, infiniplex_forest_clump_small,
          infiniplex_forest_lined_1, infiniplex_forest_pool,
          infiniplex_forest_clump_double, infiniplex_forest_clump_C,
          infiniplex_forest_lined_room_

Skill      XL: |  1  2 |
---------------+-------+-----
Unarmed Combat | 4 |  4.1
Fighting       | |  3.2
Dodging        | |  2.4
Stealth        | |  2.1

Action                   || total
-------------------------++-------
Melee: Unarmed           ||   113
Armor: Ring mail         ||    57
       Robe              ||    11
       Skin              ||     1
Dodge: Dodged            ||   116
